 Dungeon Crawl Stone Soup version 0.32-a0-7-ge934b4519a (webtiles) character file.

Game seed: 15620407747179733868

6220 jjjjhere the Mimic (level 10, -2/80 HPs)
             Began as a Merfolk Shapeshifter on Jan 10, 2024.
             Was a Follower of Ru.
             Asphyxiated
             ... on level 9 of the Dungeon on Jan 13, 2024.
             The game lasted 00:25:17 (10554 turns).

jjjjhere the Mimic (Merfolk Shapeshifter)          Turns: 10554, Time: 00:25:17

Health: -2/80      AC:  8    Str: 15    XL:     10   Next: 92%
Magic:  10/10      EV: 35    Int:  9    God:    Ru [*.....]
Gold:   592        SH:  0    Dex: 22    Spells: 9/9 levels left

rFire   . .          .
                       - Unarmed
rCold   + . .        (shield currently unavailable)
rNeg    . . .        t - +0 robe {rC+}
rPois   .            B - +2 helmet
rElec   .            (no cloak)
rCorr   .            C - melded +0 pair of gloves
SInv    .            M - +0 pair of boots
Will    .....        w - amulet of the acrobat Stlth
                     D - +6 ring of dexterity
HPRegen 0.33/turn    Q - +4 ring of protection
MPRegen 0.12/turn

%: acrobat
@: lethally poisoned (-2 -> -14), blade hands, weakened, acrobatic
A: clumsy 1, no stealth, (nimble swimmer 2), mertail
a: Begin Untransformation, Renounce Religion


You were on level 9 of the Dungeon.
You worshipped Ru.
Ru was aware of your devotion.
You had blades for hands.
You visited 1 branch of the dungeon, and saw 9 of its levels.
You also visited: Bailey.

You collected 592 gold pieces.

Inventory:

Missiles
 f - 37 poisoned darts (quivered)
 F - 6 boomerangs
Armour
 q - a +1 plate armour of poison resistance
 t - a +0 robe of cold resistance (worn)
 B - a +2 helmet (worn)
 C - a +0 pair of gloves (melded)
 K - a +0 scale mail
 M - a +0 pair of boots (worn)
 N - the +0 plate armour "Keutiadghot" {rElec Will- Str-3 SInv}
   (You found it in a bailey)

   Str-3:     It affects your strength (-3).
   rElec:     It insulates you from electricity.
   Will-:     It decreases your willpower.
   SInv:      It lets you see invisible.
 R - a +1 pair of gloves
Jewellery
 l - a ring of protection from cold
 w - an amulet of the acrobat (around neck)
 y - a ring of poison resistance
 D - a +6 ring of dexterity (left blade hand)
 Q - a +4 ring of protection (right blade hand)
Talismans
 c - a beast talisman
 d - a flux talisman
 i - a blade talisman (active)
Wands
 x - a wand of mindburst (26)
 G - a wand of roots (4)
 I - a wand of flame (43)
Scrolls
 e - 2 scrolls of enchant weapon {unknown}
 g - a scroll of fear
 m - a scroll of noise {unknown}
 n - 2 scrolls of revelation {unknown}
 r - 4 scrolls of teleportation
 z - 2 scrolls of poison {unknown}
 E - a scroll of brand weapon {unknown}
 H - a scroll of enchant armour {unknown}
 P - 2 scrolls of fog {unknown}
Potions
 b - a potion of lignification
 h - a potion of attraction
 j - 3 potions of magic
 k - 2 potions of curing
 o - 2 potions of enlightenment
 p - a potion of heal wounds
 s - a potion of invisibility
 u - a potion of might {unknown}
 v - a potion of degeneration {unknown}
 J - a potion of ambrosia
 L - 3 potions of mutation {unknown}
 O - 2 potions of berserk rage {unknown}


   Skills:
 * Level 7.8 Fighting
 * Level 10.4 Dodging
 + Level 10.3 Unarmed Combat
 - Level 11.0 Shapeshifting


You had 9 spell levels left.
You didn't know any spells.
Your spell library contained the following spells:

 Spells                   Type           Power      Damage    Failure   Level
 Sting                    Conj/Alch      0%         1d3       38%         1
 Ensorcelled Hibernation  Hex/Ice        0%         N/A       52%         2
 Mercury Vapours          Alch/Air       0%         N/A       52%         2
 Passwall                 Erth           0%         N/A       77%         3
 Swiftness                Air            0%         N/A       77%         3
 Tukima's Dance           Hex            0%         N/A       77%         3
 Dimensional Bullseye     Hex/Tloc       0%         N/A       99%         4
 Iskenderun's Mystic Bla  Conj/Tloc      0%         2d3       99%         4
 Olgreb's Toxic Radiance  Alch           0%         N/A       99%         4


Dungeon Overview and Level Annotations

Branches:
Dungeon (9/15)             Temple (0/1) D:4          Bailey (visited)
   Lair: D:8-11         Orc: D:9-12

Altars:
Elyvilon
Makhleb
Nemelex Xobeh
Qazlal
Ru
Sif Muna
Wu Jian
Xom

Shops:
D:5 :::[

Annotations:
D:8 1 runed translucent door, BigPumpCobain's ghost, novice TrSh


Innate Abilities, Weirdness & Mutations

You have blades for hands.
You are incapable of wielding weapons or throwing items.
You are clumsy. (Dex -2)
You cannot be stealthy.
((You are very nimble when in or above water. (Stealth+, EV+, Speed+++)))
Your lower body shifts to a powerful aquatic tail in water.


Message History

Press: ? - help, Shift-Dir - straight line, f/p - two-headed ogre
Aim: a two-headed ogre, wielding a +2 heavy dire flail and a +0 giant spiked club (heavily wounded)
The roots erupt in riotous growth!
Roots grab the two-headed ogre.
Roots grab the wolf.
The grasping roots constrict the wolf.
The grasping roots constrict the two-headed ogre.
You hear an angry buzzing noise.
The two-headed ogre struggles to escape constriction.
Aiming: Mindburst
Press: ? - help, Shift-Dir - straight line, f/p - two-headed ogre
Aim: a two-headed ogre, wielding a +2 heavy dire flail and a +0 giant spiked club (severely wounded, constricted by roots, chance to affect: 47%)
The two-headed ogre's minds are blasted!
The grasping roots constrict the wolf!
The grasping roots constrict the two-headed ogre.
You hear an angry buzzing noise.
The roots release their grip on the wolf.
The roots release their grip on the two-headed ogre.
The orc priest invokes the aid of Beogh against you.
Beogh smites you!
The gnoll bouda gazes fiercely through you!
You feel your attacks grow feeble.
You hear a shout!
You barely miss the two-headed ogre.
The two-headed ogre is almost dead.
The two-headed ogre hits you with a +2 heavy dire flail!!
The two-headed ogre hits you with a +0 giant spiked club!!
* * * LOW HITPOINT WARNING * * *
The orc priest begins to cast a cantrip, but forgets the words!
The gnoll bouda gazes fiercely through you!
You feel as though you will be weak longer.
Okay, then.
Okay, then.
Okay, then.
The two-headed ogre attacks as it pursues you!
The two-headed ogre completely misses you. x2
The kobold brigand throws a curare-tipped dart.
The curare-tipped dart hits you.
You are lethally poisoned!
You have difficulty breathing.
You die... .#...~...o .....o.. #.Yo~.. .KgK. kYh

#K######
#h#..O.#
#.#..#.#
#[#O.#@#
#)K....#
########


You could see a two-headed ogre and a kobold brigand.

Vanquished Creatures
  Pikel (D:3)
  An orc knight (Bailey)
  A deep elf pyromancer (Bailey)
  Jeremiah (D:7)
  Prince Ribbit (D:5)
  Sigmund (D:2)
  2 yaks (D:8)
  Menkaure (D:6)
  4 water moccasins
  An ice beast (D:9)
  5 orc warriors
  4 sky beasts
  2 black bears
  An ogre (D:5)
  A centaur (D:7)
  4 lemures
  A phantom (D:5)
  Blork the orc (D:5)
  A kobold brigand (D:8)
  3 bullfrogs
  4 scorpions
  5 wights (D:7)
  8 killer bees
  A howler monkey (D:4)
  A bombardier beetle (D:5)
  A hound (D:5)
  4 gnoll boudas
  4 orc priests
  Ijyb (D:5)
  2 sleepcaps
  Jessica (D:3)
  Natasha (twice) (D:4)
  3 iguanas
  An orc wizard (D:9)
  Robin (D:4)
  20 gnolls
  2 adders
  A shadow imp (D:5)
  2 white imps
  4 dart slugs
  4 ribbon worms
  20 orcs
  13 ball pythons
  6 endoplasms
  4 giant cockroaches
  11 goblins
  8 hobgoblins
  3 jackals (D:4)
  13 kobolds
  7 quokkas
  9 bats
  7 frilled lizards
  9 rats
219 creatures vanquished.

Notes
Turn   | Place    | Note
-------+----------+-------------------------------------------
     0 | D:1      | jjjjhere the Merfolk Shapeshifter began the quest for the
                  | Orb.
     0 | D:1      | Reached XP level 1. HP: 15/15 MP: 1/1
    50 | D:1      | Reached XP level 2. HP: 21/21 MP: 2/2
   448 | D:1      | Reached XP level 3. HP: 26/26 MP: 3/3
  1058 | D:2      | Reached skill level 5 in Shapeshifting
  1157 | D:2      | Noticed Sigmund
  1401 | D:2      | Reached XP level 4. HP: 31/32 MP: 4/4
  1577 | D:2      | HP: 9/32 [Sigmund/+0 scythe (5)]
  2002 | D:3      | Noticed Jessica
  2007 | D:3      | Killed Jessica
  2031 | D:3      | Upgraded the game from 0.31-a0-1612-g4aaf141004 to
                  | 0.31-a0-1626-g5cb510d322
  2256 | D:3      | Reached skill level 5 in Unarmed Combat
  2256 | D:3      | Reached XP level 5. HP: 25/37 MP: 5/5
  2720 | D:4      | Found a sparkling altar of Nemelex Xobeh.
  2725 | D:4      | Found an ornate altar of the Wu Jian Council.
  2783 | D:4      | Noticed Robin
  2798 | D:4      | HP: 12/37 [poisoned by a goblin]
  2803 | D:4      | HP: 5/37 [poisoned by a goblin]
  2817 | D:4      | HP: 7/37 [hobgoblin[Robin] (1)]
  2967 | D:3      | Reached skill level 6 in Shapeshifting
  3060 | D:4      | Killed Robin
  3230 | D:4      | Found a shimmering blue altar of Sif Muna.
  3301 | D:4      | Reached XP level 6. HP: 43/43 MP: 6/6
  3347 | D:4      | Noticed Natasha
  3359 | D:4      | HP: 14/43 [Natasha (5)]
  3360 | D:4      | Killed Natasha
  3467 | D:4      | Noticed Pikel
  3472 | D:3      | HP: 11/43 [lemure[Pikel] (8)]
  3474 | D:3      | HP: 5/43 [lemure[Pikel] (7)]
  3511 | D:3      | HP: 6/43 [lemure[Pikel] (9)]
  3663 | D:3      | Upgraded the game from 0.31-a0-1626-g5cb510d322 to
                  | 0.32-a0-7-ge934b4519a
  3816 | D:3      | HP: 14/43 [poisoned by a scorpion]
  3821 | D:3      | HP: 9/43 [poisoned by a scorpion]
  3822 | D:3      | HP: 4/43 [scorpion (5)]
  4104 | D:3      | Killed Pikel
  4105 | D:3      | Reached skill level 8 in Shapeshifting
  4105 | D:3      | Reached XP level 7. HP: 32/48 MP: 7/7
  4332 | D:2      | Killed Sigmund
  4333 | D:2      | Reached XP level 8. HP: 53/54 MP: 8/8
  4528 | D:4      | Found a sacrificial altar of Ru.
  4544 | D:4      | Found a staircase to the Ecumenical Temple.
  4570 | D:4      | Became a worshipper of Ru the Awakened
  4667 | D:4      | Noticed Natasha
  4681 | D:4      | Killed Natasha
  4797 | D:5      | Entered Level 5 of the Dungeon
  4826 | D:5      | Found Faut's Antique Armour Boutique.
  4909 | D:5      | Reached skill level 9 in Shapeshifting
  5267 | D:5      | Found Wiged's Book Emporium.
  5323 | D:5      | Noticed Prince Ribbit
  5340 | D:5      | Killed Prince Ribbit
  5412 | D:5      | Noticed Blork the orc
  5427 | D:5      | Killed Blork the orc
  5428 | D:5      | Reached skill level 10 in Shapeshifting
  5485 | D:5      | Noticed Ijyb
  5486 | D:5      | Found a burning altar of Makhleb.
  5486 | D:5      | Noticed an Executioner
  5501 | D:5      | Killed Ijyb
  5502 | D:5      | Reached XP level 9. HP: 40/59 MP: 9/9
  5570 | D:5      | Found Rimoqeih's Book Shop.
  5701 | D:5      | Gained mutation: You cannot be stealthy. [Ru sacrifice]
  5730 | D:5      | Found Suom's Book Shop.
  6420 | D:6      | Noticed Menkaure
  6426 | D:6      | Killed Menkaure
  6528 | D:6      | Found a stormy altar of Qazlal.
  6549 | D:6      | Reached skill level 5 in Dodging
  7186 | D:6      | Reached skill level 11 in Shapeshifting
  7706 | D:6      | HP: 20/64 [killer bee (8)]
  7707 | D:6      | HP: 9/96 [killer bee (4)]
  8028 | D:7      | Found a white marble altar of Elyvilon.
  8227 | D:7      | Reached skill level 5 in Fighting
  8229 | D:7      | Reached XP level 10. HP: 67/74 MP: 10/10
  8291 | D:7      | Found a flagged portal.
  8296 | D:7      | Gained mutation: You are clumsy. (Dex -2) [Ru sacrifice]
  8296 | D:7      | Reached * piety under Ru
  8373 | Bailey   | Entered a bailey
  8747 | Bailey   | Noticed an orc knight
  8748 | Bailey   | Found a large runed translucent door.
  8748 | Bailey   | Found a large runed translucent door.
  8791 | Bailey   | Killed an orc knight
  8891 | Bailey   | Noticed a deep elf pyromancer
  8966 | Bailey   | Killed a deep elf pyromancer
  8967 | Bailey   | HP: 18/77 [burnt (15)]
  9025 | Bailey   | Identified the +5 scale mail of Responsibility {Harm rN+
                  | rCorr Slay+3}
  9026 | Bailey   | Identified the +0 plate armour "Keutiadghot" {rElec Will-
                  | Str-3 SInv}
  9423 | D:7      | Noticed Jeremiah
  9458 | D:7      | HP: 14/67 [Jeremiah/divine providence (11)]
  9459 | D:7      | Killed Jeremiah
  9460 | D:7      | Reached skill level 10 in Unarmed Combat
 10015 | D:8      | Found a runed translucent door.
 10015 | D:8      | Noticed BigPumpCobain's ghost (novice TrSh)
 10146 | D:8      | Reached skill level 10 in Dodging
 10337 | D:8      | Found a shimmering altar of Xom.
 10533 | D:9      | Noticed a two-headed ogre
 10548 | D:9      | HP: 8/80 [two-headed ogre/+2 heavy dire flail (19)]
 10554 | D:9      | Asphyxiated

Illustrated notes

Levels and vault maps discovered:
D:1:      dpeg_arrival_pond, layout_basic, roderic_lattice_a
D:2:      layout_loops_ring, uniq_sigmund, uniq_crazy_yiuf_cottage
D:3:      layout_basic, minmay_misc_feat_diagonals, uniq_jessica
D:4:      layout_basic, hangedman_ru_absence,
          mainiacjoe_overflow_catwalk_spiral, led_sif_pool,
          minmay_temple_entry_proselytizer, uniq_pikel, uniq_robin, uniq_natasha
D:5:      layout_cave_pods, makhleb_altar_promises_db, serial_shops,
          nicolae_square_shop, shop, nicolae_diamond_shop, serial_column_ruins,
          column_ruins_hut_ruined, column_ruins_circle_small,
          column_ruins_grid_1, column_ruins_open_small, column_ruins_open_small,
          column_ruins_grid_1, minmay_shop_grid_forest, glass_columns_c,
          kennysheep_cross_room, uniq_blork_the_orc, uniq_prince_ribbit1,
          uniq_ijyb
D:6:      layout_gridville, grunt_qazlal_clouds, minmay_hedge_maze,
          uniq_menkaure
D:7:      layout_cave_pools, marbit_many_paths, enter_bailey_8, uniq_jeremiah
D:8:      layout_rooms, xom_butterflies, hellmonk_ghost_big_iron,
          nrook_mini_vaults
D:9:      layout_basic, nicolae_overflow_crystal_walls,
          nicolae_tso_swordbearing_angel, hellmonk_lair_entry_icy, uniq_joseph,
          uniq_amaemon

Skill      XL: |  1  2  3  4  5  6  7  8  9 10 |
---------------+-------------------------------+-----
Unarmed Combat | 4 5 7 9 10 | 10.3
Shapeshifting  | 5 6 8 10 11 | 11.0
Dodging        | 3 7 10 | 10.4
Fighting       | 5 7 |  7.8

Action                     |  1- 3 |  4- 6 |  7- 9 | 10-12 || total
---------------------------+-------+-------+-------+-------++-------
  Melee: Unarmed           |   102 |   159 |   256 |   139 ||   656
         Punch             |     2 |     5 |     2 |    11 ||    20
         Tailslap          |       |       |       |     3 ||     3
  Throw: Dart              |     1 |     3 |       |       ||     4
 Invoke: Sacrifice Stealth |       |       |     1 |       ||     1
         Sacrifice Purity  |       |       |       |     1 ||     1
Ability: Begin Untransform |       |       |     1 |       ||     1
  Evoke: Wand              |       |     4 |     1 |    10 ||    15
    Use: Potion            |       |     1 |     2 |     2 ||     5
         Scroll            |       |       |     7 |     2 ||     9
   Stab: Sleeping          |     5 |     4 |       |       ||     9
 Armour: Animal skin       |    44 |    86 |       |       ||   130
         Skin              |       |     6 |    85 |       ||    91
         Robe              |       |       |    31 |    47 ||    78
  Dodge: Dodged            |    58 |   106 |   201 |   132 ||   497
   Form: Flux              |       |       |     1 |       ||     1
         Blade             |       |       |     1 |       ||     1

Table legend: (Time is in decaauts)
 A = Elapsed time spent in this place.
 B = Non-inter-level travel time spent in this place.
 C = Inter-level travel time spent in this place.
 D = Time resting spent in this place.
 E = Time spent auto-exploring this place.
 F = Levels seen in this place.
 G = Mean time per level.
                   A        B        C        D        E       F      G
               +--------+--------+--------+--------+--------+-----+--------+
         Total |  10437 |   9714 |    723 |   2869 |   4483 |  10 | 1043.7 |
       Dungeon |   9683 |   8960 |    723 |   2595 |   4321 |   9 | 1075.9 |
        Bailey |    754 |    754 |      0 |    273 |    162 |   1 |  754.0 |
               +--------+--------+--------+--------+--------+-----+--------+

Top non-repeatable levels by time:
     D:3: 1855 daAuts
     D:6: 1547 daAuts
     D:5: 1480 daAuts
     D:1: 1320 daAuts
     D:4: 1020 daAuts
     D:7: 994 daAuts
  Bailey: 754 daAuts
     D:8: 734 daAuts
     D:2: 686 daAuts
     D:9: 43 daAuts
